 Dungeon Crawl Stone Soup version 0.27.0-1-g7a089689b8 (webtiles) character file.

Game seed: 10879332059307224030

137719 Amplified the Grappler (level 16, -24/167 HPs)
             Began as a Troll Earth Elementalist on Aug 4, 2021.
             Was an Elder of Elyvilon.
             Succumbed to a redback's poison
             ... on level 2 of the Spider Nest.
             The game lasted 01:15:38 (29579 turns).

Amplified the Grappler (Troll Earth Elementalist)  Turns: 29579, Time: 01:15:38

Health: -24/167    AC: 14    Str: 18 (21) XL:     16   Next: 69%
Magic:  22/24      EV:  9    Int: 10 (15) God:    Elyvilon [****..]
Gold:   2346       SH:  5    Dex:  7 (10) Spells: 20/28 levels left

rFire    . . .     SeeInvis +     - Unarmed
rCold    . . .     Faith    .   (no shield)
rNeg     . . .     Spirit   .   a - +2 troll leather armour
rPois    .         Reflect  +   A - +2 hat
rElec    .         Harm     .   (no cloak)
rCorr    .         Rampage  .   (gloves unavailable)
Will     +....                  (boots unavailable)
Stlth    +.........             y - amulet of reflection
HPRegen  2.37/turn              J - +4 ring of protection
MPRegen  0.19/turn              l - ring of see invisible

@: lethally poisoned (-24 -> -151), divinely protected, studying Bows
A: large, unfitting armour, claws 3, regeneration 1, shaggy fur 1, tough skin 1,
deterioration 1, wild magic 1
a: Renounce Religion, Lesser Healing, Heal Other, Purification, Greater Healing,
Divine Protection


You were on level 2 of the Spider Nest.
You worshipped Elyvilon.
Elyvilon was greatly pleased with you.
You visited 5 branches of the dungeon, and saw 27 of its levels.
You visited the Abyss 3 times.
You also visited: Bailey and Volcano.

You collected 4906 gold pieces.
You spent 2560 gold pieces at shops.

Inventory:

Hand Weapons
 t - the +9 longbow of Gozag's Generosity {speed, rPois}
   (You bought it in a shop on level 2 of the Orcish Mines)

   Attacks with this weapon are significantly faster.
   rPois:     It protects you from poison.
Missiles
 c - 771 stones (quivered)
 p - 80 poisoned darts
 s - 483 arrows
 u - a silver javelin
 I - a javelin
Armour
 a - a +2 troll leather armour (worn)
 o - a +2 robe of willpower
 r - a +1 robe of fire resistance
 A - a +2 hat (worn)
 C - a +0 kite shield of fire resistance
 K - +2 swamp dragon scales
Magical Staves
 B - a staff of earth
Jewellery
 l - a ring of see invisible (right claw)
 q - a ring of positive energy
 y - an amulet of reflection (around neck)
 z - a ring of flight
 D - a ring of ice
 J - a +4 ring of protection (left claw)
 M - a ring of fire
 P - a +4 ring of protection
Wands
 x - a wand of acid (6)
 H - a wand of charming (10)
 L - a wand of flame (62)
 O - a wand of mindburst (23)
 S - a wand of polymorph (11)
Scrolls
 b - 4 scrolls of enchant weapon
 d - 7 scrolls of identify
 e - 2 scrolls of vulnerability
 h - 6 scrolls of immolation
 m - 3 scrolls of fog
 v - 4 scrolls of noise
 N - a scroll of enchant armour
 Q - a scroll of amnesia
Potions
 f - 2 potions of flight
 g - 4 potions of brilliance
 i - a potion of resistance
 j - 2 potions of attraction
 k - 3 potions of cancellation
 n - 5 potions of lignification
 U - a potion of haste
Miscellaneous
 E - a phial of floods
 G - a tin of tremorstones (inert)


   Skills:
 - Level 12.4 Fighting
 * Level 9.7 Bows
 - Level 0.5 Armour
 - Level 1.5 Dodging
 - Level 1.0 Stealth
 - Level 14.5 Unarmed Combat
 - Level 6.5 Spellcasting
 - Level 0.6 Transmutations
 - Level 4.1 Ice Magic
 - Level 9.6 Earth Magic
 - Level 12.8 Invocations
 + Level 0.0 Evocations


You had 20 spell levels left.
You knew the following spells:

 Your Spells              Type           Power      Damage    Failure   Level
b - Passwall              Tmut/Erth      14%        N/A       7%          2
c - Ozocubu's Armour      Ice            15%        N/A       19%         3
d - Frozen Ramparts       Ice            30%        1d5       19%         3

Your spell library contained the following spells:

 Spells                   Type           Power      Damage    Failure   Level
 Sandblast                Erth           58%        2d13      1%          1
 Freeze                   Ice            60%        1d8       7%          1
 Stone Arrow              Conj/Erth      32%        3d9       14%         3
 Sting                    Tmut/Pois      20%        1d4       28%         1
 Pain                     Necr           16%        1d4       32%         1
 Petrify                  Tmut/Erth      17%        N/A       36%         4
 Leda's Liquefaction      Hex/Erth       8%         N/A       41%         4
 Corpse Rot               Necr/Air       N/A        N/A       43%         2
 Poisonous Vapours        Pois/Air       8%         N/A       43%         2
 Slow                     Hex            4%         N/A       43%         2
 Static Discharge         Conj/Air       4%         N/A       43%         2
 Call Canine Familiar     Summ           4%         N/A       65%         3
 Confusing Touch          Hex            4%         N/A       65%         3
 Gell's Gravitas          Tloc           2%         N/A       65%         3
 Inner Flame              Hex/Fire       4%         N/A       65%         3
 Lesser Beckoning         Tloc           2%         N/A       65%         3
 Mephitic Cloud           Conj/Pois/Air  4%         N/A       65%         3
 Portal Projectile        Hex/Tloc       8%         N/A       65%         3
 Teleport Other           Tloc           4%         N/A       65%         3
 Tukima's Dance           Hex            4%         N/A       65%         3
 Hailstorm                Conj/Ice       9%         3d4       77%         4
 Animate Dead             Necr           2%         N/A       96%         4
 Cause Fear               Hex            2%         N/A       96%         4
 Dispel Undead            Necr           4%         3d7       96%         4
 Olgreb's Toxic Radiance  Pois           4%         N/A       96%         4
 Passage of Golubria      Tloc           N/A        N/A       96%         4
 Sticky Flame             Conj/Fire      4%         2d3       96%         4
 Freezing Cloud           Conj/Ice/Air   3%         6-21      99%         5
 Excruciating Wounds      Necr           2%         N/A       100%        5
 Fireball                 Conj/Fire      2%         3d4       100%        5
 Iskenderun's Battlesphe  Conj           4%         2d6       100%        5
 Lightning Bolt           Conj/Air       2%         1d13      100%        5
 Summon Forest            Summ/Tloc      2%         N/A       100%        5
 Summon Mana Viper        Hex/Summ       4%         N/A       100%        5
 Yara's Violent Unravell  Hex/Tmut       2%         3d3       100%        5
 Conjure Ball Lightning   Conj/Air       2%         3x3d6     100%        6
 Eringya's Noxious Bog    Tmut/Pois      2%         N/A       100%        6
 Shadow Creatures         Summ           N/A        N/A       100%        6
 Dragon Form              Tmut           2%         N/A       100%        7
 Haunt                    Necr/Summ      2%         N/A       100%        7
 Orb of Destruction       Conj           2%         9d1       100%        7
 Ozocubu's Refrigeration  Ice            7%         4d6       100%        7
 Discord                  Hex            2%         N/A       100%        8
 Infestation              Necr           2%         N/A       100%        8
 Maxwell's Capacitive Co  Air            2%         ∞         100%        8
 Dragon's Call            Summ           2%         N/A       100%        9


Dungeon Overview and Level Annotations

Branches:
Dungeon (15/15)            Temple (0/1) D:6            Lair (6/6) D:9
 Shoals (0/4) Lair:4       Spider (2/4) Lair:4        Slime (0/5) Lair:5
    Orc (2/2) D:12            Elf (2/3) Orc:2        Depths (0/5) D:15
 Bailey (visited)         Volcano (visited)
 Vaults: D:13-14

Altars:
Ashenzari
Dithmenos
Elyvilon
Kikubaaqudgha
Makhleb
Nemelex Xobeh
Okawaru
Qazlal
Ru
Trog
Vehumet
Xom
Yredelemnul
Zin
Beogh

Shops:
D:6 [   Orc:2 ((*[:

Annotations:
Spider:1 Louise
Orc:1 Check full Orc later


Innate Abilities, Weirdness & Mutations

You are too large for most types of armour.
You have claws for hands.
Your natural rate of healing is unusually fast.
You are covered in fur. (AC +1)
You have tough skin. (AC +1)
Your body sometimes deteriorates upon taking damage.
Your spells are a little harder to cast, but a little more powerful.


Message History

The redback poisons you! The redback bites you.
* * * LOW HITPOINT WARNING * * *
You are more poisoned.
The redback poisons you!
You feel much better.
* * * LOW HITPOINT WARNING * * *
You feel extremely sick. The redback bites you.
* * * LOW HITPOINT WARNING * * *
The redback bites you.
* * * LOW HITPOINT WARNING * * *
You are more poisoned.
The redback poisons you! The redback bites you!
* * * LOW HITPOINT WARNING * * *
Unknown command.
You are healed.
* * * LOW HITPOINT WARNING * * *
You feel extremely sick. The redback bites you!
* * * LOW HITPOINT WARNING * * *
You are more poisoned.
The redback poisons you! The redback bites you!
Elyvilon protects you from harm! The redback bites you.
* * * LOW HITPOINT WARNING * * *
You are more poisoned.
The redback poisons you!
The jumping spider leaps!
Unknown command.
Unknown command.
Unknown command.
You beseech Elyvilon to protect your life.
You can no longer call upon Elyvilon for divine vigour.
Elyvilon protects you from harm! You block the redback's attack. x2
The redback bites you but does no damage.
Unknown command.
Okay, then.
Okay, then.
You renew your call for help.
You die...

###....^.##
###......^.#
##......#†.##
#.^..s.##..##
#...†.##^...#
##...s#....##
#.s.[#.[...#
##.s####....## ##.°s@#
#.....# ##...###
##.s..## #.. #...###
##.....†###....
##....###.s.........##
#......#.s...s.....^#
##.....######.........
#.....## ####.........
##....# ##..#.s...#..#
#..^.###.^.##...###.#


You could see a jumping spider and 2 redbacks.

Vanquished Creatures
  Saint Roka (Orc:2)
  Jorgrun (D:13)
  5 tentacled starspawn
  Kirke (Lair:4)
  A deep elf sorcerer (Elf:1)
  A deep elf elementalist (Elf:1)
  The ghost of happy the Brawler, a journeyman TrMo of Ru (Orc:2)
  2 statues (D:13)
  A great orb of eyes (Abyss:3)
  3 salamander tyrants (D:13)
  2 ogre magi (D:13)
  Fannar (Lair:1)
  3 centaur warriors
  3 catoblepae
  6 dancing weapons
  6 death yaks
  2 two-headed ogres
  5 thrashing horrors
  3 deep elf knights (Elf:1)
  An orc high priest (Orc:2)
  A wretched star (Abyss:3)
  7 starcursed masses
  A wolf spider zombie (Abyss:3)
  2 lindwurms (Lair:6)
  10 wizards
  A phantasmal warrior (D:13)
  5 deep elf archers (Elf:1)
  2 large abominations
  9 deep elf zephyrmancers
  An orb spider (Spider:2)
  An ugly thing (D:13)
  An oklob plant (D:11)
  22 deep elf pyromancers
  2 orc sorcerers (Orc:2)
  2 wolf spiders (Spider:2)
  3 cyclopes
  A worldbinder (Abyss:3)
  3 manticores
  7 elephants (Lair:6)
  9 orc knights
  A moth of wrath (Spider:2)
  An apocalypse crab (Abyss:3)
  5 toenail golems (Volcano)
  A gargoyle (D:11)
  5 torpor snails (Lair:6)
  16 cane toads
  7 black mambas
  2 smoke demons
  An unseen horror (D:13)
  2 rime drakes (Lair:5)
  4 kobold demonologists
  11 komodo dragons
  A demonic crawler (Spider:2)
  4 tengu conjurers (D:13)
  2 ancient zymes
  2 trolls
  4 jumping spiders (Spider:2)
  2 polar bears
  4 tyrant leeches (Lair:6)
  10 hornets
  Grinder (D:6)
  6 raiju
  2 dream sheep (Lair:6)
  4 blink frogs
  A water elemental (Elf:1)
  7 redbacks
  2 tarantellas
  A ynoxinul (Abyss:3)
  A tarantella (shapeshifter) (D:14)
  3 wraiths
  3 chaos spawn
  33 yaks
  A fire elemental (Elf:1)
  A shadow (D:12)
  3 steam dragons
  5 wyverns
  A hog (Lair:4)
  A fire bat (shapeshifter) (D:14)
  3 basilisks
  2 fire bats (Abyss:4)
  A neqoxec (Abyss:4)
  3 vampires
  19 vampire mosquitoes
  2 wargs
  An acid dragon (D:11)
  21 water moccasins
  2 swamp drakes (Lair:5)
  7 sky beasts
  2 black bears
  38 orc warriors
  5 necrophages
  8 ogres
  9 wolves
  4 centaurs
  2 kobold brigands (D:7)
  6 bullfrogs
  An earth elemental (Elf:1)
  A bullfrog (shapeshifter) (Abyss:4)
  A wyvern zombie (D:7)
  8 scorpions
  A small abomination (Abyss:2)
  A water moccasin zombie (D:5)
  A water moccasin skeleton (D:6)
  13 wights
  2 killer bees (D:10)
  An oklob sapling (D:11)
  5 electric eels (Bailey)
  4 howler monkeys (D:8)
  4 crimson imps (D:14)
  5 centaur zombies
  2 hounds
  3 bullfrog skeletons
  20 orc priests
  2 centaur skeletons
  3 jellies
  An iguana (D:4)
  24 orc wizards
  13 hell rats
  A killer bee zombie (D:7)
  A mummy (D:11)
  Robin (D:2)
  4 gnolls (Bailey)
  A howler monkey skeleton (D:4)
  10 adders
  10 river rats (D:8)
  3 white imps
  An ufetubus (D:4)
  3 worms (D:2)
  13 dart slugs
  86 orcs
  A bat zombie (D:13)
  8 endoplasms
  5 giant cockroaches
  17 goblins
  20 hobgoblins
  6 jackals
  8 quokkas
  3 training dummies (Orc:2)
  9 ball pythons
  6 bats
  4 frilled lizards
  12 kobolds
  19 rats
  2 rat zombies (D:13)
805 creatures vanquished.

Vanquished Creatures (others)
  A polar bear (Lair:3)
  A troll (Orc:2)
  A jumping spider (Spider:2)
  A yak (D:9)
  An orc warrior (Orc:2)
  A black bear (Lair:2)
  An ogre (Orc:2)
  2 scorpions (Lair:4)
  3 killer bees (D:10)
  2 wights (D:10)
  An orc priest (D:9)
  2 orc wizards
  A howler monkey zombie (D:11)
  A worm (Lair:4)
  4 orcs
  37 fungi
  111 plants
  21 starspawn tentacles
  3 withered plants (D:11)
195 creatures vanquished.

Grand Total: 1000 creatures vanquished

Notes
Turn   | Place    | Note
-------+----------+-------------------------------------------
     0 | D:1      | Amplified the Troll Earth Elementalist began the quest for
                  | the Orb.
     0 | D:1      | Reached XP level 1. HP: 16/16 MP: 1/1
    85 | D:1      | Reached XP level 2. HP: 26/26 MP: 2/2
   137 | D:1      | Reached skill level 1 in Unarmed Combat
   320 | D:1      | Reached skill level 1 in Fighting
   609 | D:1      | Reached XP level 3. HP: 33/33 MP: 3/3
   749 | D:1      | Found a faded altar of an unknown god.
   763 | D:1      | Became a worshipper of Elyvilon the Healer
   763 | D:1      | Reached * piety under Elyvilon
   939 | D:2      | Learned a level 2 spell: Passwall
  1182 | D:2      | Reached skill level 2 in Unarmed Combat
  1182 | D:2      | Reached XP level 4. HP: 41/41 MP: 4/4
  1182 | D:2      | Reached ** piety under Elyvilon
  1553 | D:2      | Noticed Robin
  1570 | D:2      | Killed Robin
  1722 | D:3      | Found a burning altar of Makhleb.
  1747 | D:3      | Reached XP level 5. HP: 42/49 MP: 5/5
  2010 | D:3      | Reached *** piety under Elyvilon
  2035 | D:3      | Reached skill level 3 in Unarmed Combat
  2168 | D:3      | Found a basalt altar of Yredelemnul.
  2306 | D:3      | Found an iron altar of Okawaru.
  2485 | D:4      | Reached XP level 6. HP: 34/59 MP: 4/6
  2498 | D:4      | Learned a level 3 spell: Ozocubu's Armour
  2717 | D:4      | Reached **** piety under Elyvilon
  2770 | D:4      | Found a sparkling altar of Nemelex Xobeh.
  2978 | D:5      | Entered Level 5 of the Dungeon
  3169 | D:5      | Reached skill level 4 in Unarmed Combat
  3169 | D:5      | Reached XP level 7. HP: 64/67 MP: 7/7
  3189 | D:5      | Reached skill level 5 in Earth Magic
  3279 | D:5      | Found a stormy altar of Qazlal.
  3407 | D:5      | Found a broken altar of Ashenzari.
  3683 | D:5      | Reached skill level 5 in Unarmed Combat
  3683 | D:5      | Reached skill level 1 in Invocations
  3831 | D:5      | Identified the +1 ring mail of Hicip {rElec Str+3 Int+2}
  3898 | D:4      | Reached XP level 8. HP: 64/77 MP: 6/8
  4161 | D:6      | Found a staircase to the Ecumenical Temple.
  4315 | D:6      | Noticed Grinder
  4347 | D:6      | Killed Grinder
  4416 | D:6      | Reached skill level 6 in Unarmed Combat
  4428 | D:6      | Reached skill level 5 in Fighting
  4561 | D:6      | Reached XP level 9. HP: 62/88 MP: 4/10
  4622 | D:6      | Found Finnec's Antique Armour Emporium.
  4630 | D:6      | Bought an embroidered robe for 66 gold pieces
  5006 | D:6      | Found a shadowy altar of Dithmenos.
  5159 | D:5      | Found a glowing silver altar of Zin.
  5448 | D:7      | Reached skill level 7 in Unarmed Combat
  5490 | D:7      | Found a bloodstained altar of Trog.
  5763 | D:7      | Reached ***** piety under Elyvilon
  5985 | D:7      | Reached skill level 5 in Invocations
  6040 | D:7      | Identified the +11 short sword "Hutoon" {flame, Str+8 Int-2
                  | Dex+5}
  6327 | D:8      | Reached XP level 10. HP: 98/98 MP: 12/12
  6844 | D:9      | Found a sacrificial altar of Ru.
  7015 | D:9      | Found a staircase to the Lair.
  7286 | D:9      | Found a white marble altar of Elyvilon.
  7859 | D:10     | Entered Level 10 of the Dungeon
  7936 | D:10     | Reached skill level 8 in Unarmed Combat
  8420 | D:11     | Noticed a gargoyle
  8431 | D:11     | Killed a gargoyle
  8575 | D:11     | Identified a scroll of acquirement
  8604 | D:11     | Acquired a +2 hat
  8618 | D:11     | Paralysed by a hornet for 2 turns
  8626 | D:11     | Paralysed by a hornet for 2 turns
  8642 | D:11     | Got Cigotuvi's Grimoire of Evil and Transformation
  8673 | D:11     | Noticed a two-headed ogre
  8881 | D:11     | Reached XP level 11. HP: 109/109 MP: 14/14
  9137 | D:11     | Killed a two-headed ogre
  9138 | D:11     | Reached skill level 9 in Unarmed Combat
  9916 | D:12     | Noticed a two-headed ogre
  9926 | D:12     | Killed a two-headed ogre
  9953 | D:12     | You fall into a shaft and drop 3 floors!
  9953 | D:15     | Entered Level 15 of the Dungeon
  9954 | D:15     | Noticed a death knight
  9954 | D:15     | Noticed a skeletal warrior
  9954 | D:15     | Noticed a phantasmal warrior
  9971 | D:15     | Acquired 455 gold pieces
 10051 | D:13     | Found an ancient bone altar of Kikubaaqudgha.
 10079 | D:13     | Noticed a catoblepas
 10161 | D:14     | Noticed a five-headed hydra
 10163 | D:14     | Pacified a five-headed hydra
 10172 | D:13     | Noticed a six-headed hydra
 10175 | D:13     | Pacified a six-headed hydra
 10403 | D:12     | Learned a level 3 spell: Frozen Ramparts
 10479 | D:12     | Found a staircase to the Orcish Mines.
 10958 | D:12     | Noticed a five-headed hydra
 10965 | D:12     | Pacified a six-headed hydra
 11293 | Lair:1   | Entered Level 1 of the Lair of Beasts
 11558 | Orc:1    | Entered Level 1 of the Orcish Mines
 11595 | Orc:1    | Reached skill level 10 in Unarmed Combat
 11695 | Orc:2    | Entered Level 2 of the Orcish Mines
 11705 | Orc:1    | Found a flagged portal.
 11765 | Orc:1    | Identified the +6 hand axe "Byifruc" {venom, rPois rN+}
 11769 | Bailey   | Entered a bailey
 11840 | Bailey   | Noticed an orc sorcerer
 11841 | Bailey   | Found an iron altar of Okawaru.
 11844 | Bailey   | Pacified an orc sorcerer
 11857 | Bailey   | Reached skill level 1 in Ice Magic
 11859 | Bailey   | Reached XP level 12. HP: 122/122 MP: 15/17
 12001 | Bailey   | Got the Tome of the Frostbite and Toxins
 12229 | Bailey   | Acquired 1050 gold pieces
 12371 | Bailey   | Identified the +9 halberd of Turmoil {pain, *Corrode rC++
                  | Str+2}
 12586 | Orc:2    | Found Merghem's Firing Range.
 12594 | Orc:2    | Bought a throwing net for 45 gold pieces
 12630 | Orc:2    | Found a runed translucent door.
 13055 | Orc:2    | Found a staircase to the Elven Halls.
 13517 | Orc:2    | Noticed an orc high priest
 13533 | Orc:2    | Killed an orc high priest
 13536 | Orc:2    | Noticed Saint Roka
 13744 | D:9      | Reached skill level 11 in Unarmed Combat
 13867 | Lair:1   | Noticed Fannar
 13970 | Lair:2   | Noticed a seven-headed hydra
 14142 | Lair:1   | Killed Fannar
 14333 | Lair:1   | Reached XP level 13. HP: 131/131 MP: 19/19
 15015 | Lair:2   | Reached ****** piety under Elyvilon
 16149 | Lair:3   | Reached skill level 10 in Fighting
 16150 | Lair:3   | Reached skill level 10 in Invocations
 16668 | Lair:4   | Found a staircase to the Shoals.
 17023 | Lair:4   | Found a hole to the Spider Nest.
 17093 | Lair:4   | Noticed Kirke
 17111 | Lair:4   | Killed Kirke
 17484 | Lair:5   | Found a staircase to the Slime Pits.
 17525 | Lair:5   | Reached skill level 12 in Unarmed Combat
 18261 | Lair:6   | Entered Level 6 of the Lair of Beasts
 18339 | Lair:6   | Paralysed by a hornet for 2 turns
 18349 | Lair:6   | Reached XP level 14. HP: 96/144 MP: 13/21
 18370 | Lair:6   | Paralysed by a hornet for 1 turns
 18629 | Lair:6   | Found a dark tunnel.
 18639 | Volcano  | Entered a volcano
 19285 | Lair:6   | Found a runed translucent door.
 19366 | Lair:6   | Reached skill level 13 in Unarmed Combat
 19527 | Lair:6   | Paralysed by a hornet for 1 turns
 19709 | Lair:6   | Identified the +1 robe of the Lich-sworn {Str+2}
 19760 | Lair:6   | Identified the +2 robe of the Minstrel {rC- Int+3}
 20709 | Orc:2    | Killed Saint Roka
 20710 | Orc:2    | Reached skill level 5 in Spellcasting
 20895 | Orc:2    | Found Xavioroi's General Store.
 20909 | Orc:2    | Bought 2 potions of curing for 102 gold pieces
 20909 | Orc:2    | Bought a potion of lignification for 51 gold pieces
 20909 | Orc:2    | Bought a potion of lignification for 51 gold pieces
 20942 | Orc:2    | Found Usyronof's Antique Weapon Boutique.
 20988 | Orc:2    | Found Seaj's Antique Armour Boutique.
 21100 | Orc:2    | Found Ongeptor's Book Boutique.
 21166 | Orc:2    | Noticed happy's ghost (journeyman TrMo)
 21312 | Orc:2    | Killed happy's ghost
 21313 | Orc:2    | Reached XP level 15. HP: 119/154 MP: 16/22
 21381 | Elf:1    | Entered Level 1 of the Elven Halls
 22054 | D:13     | Cast into level 2 of the Abyss (a wizard)
 22213 | Abyss:3  | Gained mutation: You expend magic power (3 MP) to
                  | strengthen your wands. [a neqoxec]
 22215 | Abyss:3  | Gained mutation: You tend to lose your temper in combat. [a
                  | neqoxec]
 22233 | Abyss:3  | Lost mutation: You expend magic power (3 MP) to strengthen
                  | your wands. [potion of mutation]
 22233 | Abyss:3  | Lost mutation: You have an uncontrollable temper. [potion
                  | of mutation]
 22233 | Abyss:3  | Gained mutation: You are occasionally teleported next to
                  | monsters. [potion of mutation]
 22313 | Abyss:3  | Found a corrupted altar of Lugonu.
 22314 | Abyss:3  | Found a corrupted altar of Lugonu.
 22324 | Abyss:3  | Found a corrupted altar of Lugonu.
 22796 | Abyss:4  | Gained mutation: You are weak. (Str -2) [a neqoxec]
 22803 | Abyss:4  | Gained mutation: You sometimes lose the ability to read
                  | scrolls when taking damage. [a neqoxec]
 22824 | D:13     | Escaped the Abyss
 22834 | D:13     | Noticed Jorgrun
 22859 | D:13     | Killed Jorgrun
 22860 | D:13     | Reached skill level 14 in Unarmed Combat
 22869 | D:13     | Found a radiant altar of Vehumet.
 23098 | D:13     | Cast into level 2 of the Abyss (a wizard)
 23172 | Abyss:2  | Found a corrupted altar of Lugonu.
 23218 | Abyss:2  | Noticed a tentacled starspawn
 23240 | Abyss:2  | Killed a tentacled starspawn
 23301 | Abyss:3  | Found a corrupted altar of Lugonu.
 23301 | Abyss:3  | Noticed a tentacled starspawn
 23301 | Abyss:3  | Noticed a tentacled monstrosity
 23422 | Abyss:3  | Noticed a tentacled starspawn
 23438 | Abyss:3  | Killed a tentacled starspawn
 23466 | Abyss:3  | Noticed a tentacled starspawn
 23483 | Abyss:3  | Killed a tentacled starspawn
 23499 | Abyss:3  | Noticed a tentacled starspawn
 23506 | Abyss:3  | Killed a tentacled starspawn
 23509 | D:13     | Escaped the Abyss
 23900 | D:14     | Reached XP level 16. HP: 134/167 MP: 18/24
 24410 | D:11     | Lost mutation: You sometimes lose the ability to read
                  | scrolls when taking damage. [potion of mutation]
 24410 | D:11     | Lost mutation: You are weak. (Str -2) [potion of mutation]
 24410 | D:11     | Gained mutation: Your spells are a little harder to cast,
                  | but a little more powerful. [potion of mutation]
 24411 | D:11     | Lost mutation: You are occasionally teleported next to
                  | monsters. [potion of mutation]
 24411 | D:11     | Lost mutation: Your spells are a little harder to cast, but
                  | a little more powerful. [potion of mutation]
 24411 | D:11     | Gained mutation: Armour fits poorly on your strangely
                  | shaped body. [potion of mutation]
 24411 | D:11     | Gained mutation: You expend magic power (3 MP) to
                  | strengthen your wands. [potion of mutation]
 24412 | D:11     | Lost mutation: Armour fits poorly on your strangely shaped
                  | body. [potion of mutation]
 24412 | D:11     | Lost mutation: You expend magic power (3 MP) to strengthen
                  | your wands. [potion of mutation]
 24412 | D:11     | Gained mutation: Your body sometimes deteriorates upon
                  | taking damage. [potion of mutation]
 24412 | D:11     | Gained mutation: Your spells are a little harder to cast,
                  | but a little more powerful. [potion of mutation]
 24738 | D:14     | Found a shimmering altar of Xom.
 26457 | Orc:2    | Bought a manual of Bows for 1200 gold pieces
 26457 | Orc:2    | Bought the +9 longbow of Gozag's Generosity {speed, rPois}
                  | for 1045 gold pieces
 26558 | Elf:1    | Reached skill level 1 in Bows
 27148 | Elf:1    | Reached skill level 5 in Bows
 28438 | Spider:1 | Entered Level 1 of the Spider Nest
 28440 | Spider:1 | Noticed Louise
 28487 | Spider:1 | Cast into level 2 of the Abyss (Louise)
 28793 | Abyss:4  | Noticed a bone dragon
 28828 | Abyss:4  | Noticed a tentacled starspawn
 28842 | Abyss:4  | Killed a tentacled starspawn
 28883 | Spider:1 | Escaped the Abyss
 29015 | Spider:2 | HP: 10/250 [ghost moth (4)]
 29020 | Spider:2 | HP: 8/167 [ghost moth (6)]
 29021 | Spider:2 | HP: 3/167 [torpor snail (9)]
 29031 | Spider:2 | HP: 2/167 [wolf spider (10)]
 29577 | Spider:2 | Elyvilon protects you from harm!
 29577 | Spider:2 | HP: 5/167 [redback (4)]
 29578 | Spider:2 | Elyvilon protects you from harm!
 29579 | Spider:2 | Succumbed to a redback's poison

Illustrated notes

Levels and vault maps discovered:
D:1:      scummos_arrival_hexagon, layout_loops_ring,
          shapermc_ecumenical_altar_mp_highgroup
D:2:      layout_basic, kennysheep_generic_room_10, uniq_robin
D:3:      layout_loops_ring, lemuel_doored_altar, lemuel_crystal_altar,
          mainiacjoe_overflow_concentric_impassable, grunt_ministairs_1
D:4:      layout_basic, marbit_many_paths
D:5:      kennysheep_slugbush, layout_cave_pods, evilmike_ruin_ashenzari,
          kennysheep_mini, zin_academy, serial_column_ruins, column_ruins_hut,
          column_ruins_square_medium, column_ruins_columns_corner,
          column_ruins_grid_1, column_ruins_columns_dead_end,
          column_ruins_open_medium, column_ruins_columns_straight,
          nrook_pool_corridor, fountainhead
D:6:      layout_basic, grunt_dithmenos_smoke,
          minmay_temple_entry_statues_pillars, serial_shops, shop, uniq_grinder
D:7:      minmay_angry_zag, layout_loops_ring, mainiacjoe_overflow_catwalk,
          chequers_arboretum, hangedman_misty_isle
D:8:      lemuel_ratsnest, layout_basic, kennysheep_orc_sif_temple,
          minmay_hedge_maze
D:9:      layout_basic, elyvilon_altar_4, lemuel_crystal_altar, lair_entry_dummy
D:10:     layout_basic, nrook_mini_vaults
D:11:     layout_loops_cross, serial_undead, serial_undead_c, serial_undead_c,
          serial_undead_d, serial_undead_b, grunt_decor_clamped,
          introduction_to_nature_2
D:12:     layout_grid_maze, david_orc_4, minmay_misc_feat_x
D:13:     evilmike_halls_of_destruction, layout_gridville,
          grunt_vaults_entry_fortified, lemuel_zombie_altar_kikubaaqudgha
D:14:     layout_irregular_city, led_xom_imps
D:15:     grunt_enter_depths_snipers, layout_cave_pods,
          gammafunk_ghost_spectres, kennysheep_treasure_room
Lair:1:   layout_chaotic_city, grunt_megastairs_1, uniq_fannar
Lair:2:   layout_small_grid, pond, lemuel_fruit_tree, grunt_megastairs_5
Lair:3:   layout_gridlike, grunt_megastairs_4
Lair:4:   layout_regular_city, elwin_shoals_entry_rocks,
          nicolae_spider_entry_non_spiders, serial_forest,
          infiniplex_forest_straight_2, infiniplex_forest_3_way,
          infiniplex_forest_clump_double, infiniplex_forest_clump_small,
          infiniplex_forest_lined_room_3, infiniplex_forest_clump_double,
          infiniplex_forest_end_3, infiniplex_forest_clump_double, uniq_kirke
Lair:5:   layout_loops_ring, slime_dummy, guppyfry_lair_drakes,
          infiniplex_staircase_pool
Lair:6:   wormcave, layout_gridlike, hangedman_lair_in_review,
          lightli_volcano_entry_magma_tube
Spider:1: layout_spider_delve, uniq_louise, uniq_azrael, uniq_agnes
Spider:2: layout_spider_delve, nicolae_spider_not_touching_you, uniq_jorgrun
Orc:1:    layout_caves, enter_bailey_2, mines2_david
Orc:2:    grunt_orc_cross, layout_caves, ebering_ghost_reflecting_pool,
          nicolae_shop_firing_range
Elf:1:    layout_loops_corners, minmay_elf_crystal_hexagon
Elf:2:    nicolae_elf_blades_crystal_corner, layout_geoelf_octagon,
          nicolae_trove_entry_isolated

Skill      XL: |  1  2  3  4  5  6  7  8  9 10 11 12 13 14 15 16 |
---------------+-------------------------------------------------+-----
Unarmed Combat | 1 2 3 4 5 6 7 8 10 11 12 13 14 | 14.5
Earth Magic    | 3 4 5 6 7 8 9 |  9.6
Fighting       | 1 2 3 4 5 6 7 8 9 10 11 12 | 12.4
Invocations    | 1 3 5 6 8 9 10 11 12 | 12.8
Ice Magic      | 1 4 |  4.1
Spellcasting   | 3 5 6 |  6.5
Bows           | 9 |  9.7
Armour         | |  0.5
Dodging        | |  1.5
Stealth        | |  1.0
Transmutations | |  0.6

Action                   |  1- 3 |  4- 6 |  7- 9 | 10-12 | 13-15 | 16-18 || total
-------------------------+-------+-------+-------+-------+-------+-------++-------
Melee: Unarmed           |   118 |   162 |   349 |  1051 |  1214 |   228 ||  3122
       Punch             |       |     2 |    12 |    40 |    87 |     8 ||   149
 Fire: Longbow           |       |       |       |       |       |   217 ||   217
Throw: Dart              |       |       |       |     5 |       |       ||     5
       Throwing net      |       |       |       |     3 |     4 |       ||     7
       Stone             |       |       |       |       |     1 |       ||     1
 Cast: Sandblast         |       |     2 |     6 |       |       |       ||     8
       Frozen Ramparts   |       |       |       |     1 |    83 |     8 ||    92
       Ozocubu's Armour  |       |       |       |     1 |    43 |     2 ||    46
       Passwall          |       |       |       |       |     2 |     1 ||     3
Invok: Lesser Healing    |       |     1 |     2 |     1 |     3 |     3 ||    10
       Heal Other        |       |       |     6 |    30 |    17 |     4 ||    57
       Greater Healing   |       |       |       |     6 |    15 |     9 ||    30
       Divine Vigour     |       |       |       |       |     2 |       ||     2
       Divine Protection |       |       |       |       |       |     3 ||     3
Evoke: Wand              |       |       |       |    11 |    11 |     2 ||    24
       Tin of tremorston |       |       |       |     3 |     4 |     2 ||     9
  Use: Potion            |       |     3 |     3 |     7 |    23 |    14 ||    50
       Scroll            |       |     1 |     6 |    19 |    17 |     5 ||    48
 Stab: Sleeping          |     3 |     4 |     1 |       |     2 |       ||    10
       Invisible         |       |     4 |     2 |       |       |       ||     6
       Paralysed         |       |       |       |     7 |       |       ||     7
       Distracted        |       |       |       |       |     2 |       ||     2
       Petrified         |       |       |       |       |     3 |       ||     3
       Held in net/web   |       |       |       |       |     1 |       ||     1
Armor: Robe              |    32 |    37 |    42 |       |       |       ||   111
       Troll leather arm |       |       |    49 |   352 |   541 |   235 ||  1177
       Skin              |       |       |       |       |    20 |   119 ||   139
       Swamp dragon scal |       |       |       |       |       |    10 ||    10
Dodge: Dodged            |    47 |    87 |   151 |   366 |   393 |   157 ||  1201
Block: Other             |       |       |     2 |   236 |   224 |   107 ||   569
       Reflection        |       |       |       |     6 |       |     3 ||     9
